 Dungeon Crawl Stone Soup version 0.17.0-57-g0e89251 (webtiles) character file.

9047 ketsa the Slicer (level 11, -10/80 HPs)
             Began as a Human Wanderer on Dec 7, 2015.
             Was an Elder of the Shining One.
             Mangled by a large abomination (31 damage)
             ... on level 1 of the Abyss.
             The game lasted 00:45:33 (10869 turns).

ketsa the Slicer (Human Wanderer)                  Turns: 10869, Time: 00:45:33

Health: -10/80     AC: 12    Str: 12    XL:     11   Next: 67%
Magic:  6/16       EV: 18    Int: 15    God:    the Shining One [****..]
Gold:   501        SH:  8    Dex: 18    Spells: 0 memorised, 10 levels left

rFire  + . .     SeeInvis .     N - +7 short sword of Ushruaz {pierce, rF+ Int+4}
rCold  . . .     Clarity  .     k - +2 leather armour {MR+}
rNeg   + + .     SustAt   .     (no shield)
rPois  .         Gourm    .     (no helmet)
rElec  .         Spirit   .     K - +4 cloak of Onis Zie {MR+}
rCorr  .         Warding  .     P - +0 pair of gloves (curse)
rMut   .         Stasis   .     T - +0 pair of boots
MR     ++...                    d - amulet of regeneration
Stlth  +.........               (no ring)
                                B - ring of wizardry

@: divine shield, glowing, very resistant to hostile enchantments, very
unstealthy
A: no striking features
a: Divine Shield, Cleansing Flame, Renounce Religion


You were on level 1 of the Abyss.
You worshipped the Shining One.
The Shining One was greatly pleased with you.
You were very hungry.

You visited 3 branches of the dungeon, and saw 11 of its levels.
You visited the Abyss 1 time.

You collected 872 gold pieces.
You spent 371 gold pieces at shops.

Inventory:

Hand Weapons
 a - a +2 short sword
 r - a +1 long sword
 w - a +0 dagger
 x - a +0 short sword
 F - a +2 dagger of holy wrath
 L - a +2 hand axe of flaming
 N - the +7 short sword of Ushruaz (weapon) {pierce, rF+ Int+4}
   (You found it on level 5 of the Dungeon)

   It inflicts extra damage upon your enemies.
   It affects your intelligence (+4).
   It protects you from fire.
 X - a +0 shortbow
 Y - a +3 dagger of electrocution
Missiles
 j - 208 arrows
 m - a throwing net
 M - 8 tomahawks (quivered)
Armour
 f - a +0 chain mail
 k - a +2 leather armour of magic resistance (worn)
 q - a +0 ring mail
 K - the +4 cloak of Onis Zie (worn) {MR+}
   (You bought it in a shop on level 4 of the Dungeon)

   It affects your resistance to hostile enchantments.
 O - a +0 plate armour
 P - a cursed +0 pair of gloves (worn)
 T - a +0 pair of boots (worn)
Magical Staves
 R - an uncursed staff of cold
Jewellery
 d - an amulet of regeneration (around neck)
 B - a ring of wizardry (left hand)
 I - a cursed amulet of inaccuracy {unknown}
 V - an uncursed ring of teleportation
Wands
 n - a wand of enslavement (12)
 D - a wand of slowing (15)
 H - a wand of confusion (27)
 J - a wand of cold (6)
 U - a wand of polymorph (12)
Scrolls
 b - 6 scrolls of teleportation
 c - a scroll of fear
 i - a scroll of immolation
 l - 2 scrolls of remove curse
 u - 2 scrolls of enchant weapon
 y - a scroll of noise
 S - a scroll of identify
Potions
 g - a potion of flight
 h - 5 potions of curing
 o - 3 potions of lignification
 s - a potion of magic
 t - 2 potions of brilliance
 C - a potion of cancellation {unknown}
 E - a potion of haste {unknown}
 Q - 3 potions of ambrosia
 Z - a potion of invisibility {unknown}
Books
 G - the Compendium of Supportive Bewitchment
   (You found it on level 1 of the Lair of Beasts)

   Spells                             Type                      Level
   a - Corona                         Hexes                        1
   b - Summon Guardian Golem          Hexes/Summoning              3
   c - Silence                        Hexes/Air                    5
   d - Summon Mana Viper              Hexes/Summoning              5
   e - Darkness                       Hexes                        6
Miscellaneous
 p - a fan of gales
Comestibles
 e - 7 bread rations
 v - 6 meat rations
 A - 2 slices of pizza


   Skills:
 - Level 5.4 Fighting
 * Level 11.3(11.7) Short Blades
 - Level 5.1(9.0) Long Blades
 - Level 2.2 Armour
 + Level 8.6 Dodging
 - Level 1.0 Stealth
   Level 1.0 Shields
 + Level 7.6 Invocations
 - Level 2.4 Evocations


You had 10 spell levels left.
You didn't know any spells.

Dungeon Overview and Level Annotations

Branches:
Dungeon (9/15)             Temple (1/1) D:6            Lair (1/8) D:9
    Orc: D:9-12

Altars:
Ashenzari
Cheibriados
Dithmenos
Elyvilon
Fedhas
Gozag
Kikubaaqudgha
Makhleb
Nemelex Xobeh
Okawaru
Qazlal
Ru
Sif Muna
Trog
Vehumet
Xom
Yredelemnul
Zin
The Shining One

Shops:
D:4 [   D:7 =   D:8 *   D:9 %

Annotations:
D:8 4 runed doors
Lair:1 Joseph


Message History

The large abomination writhes in agony!
The large abomination is lightly damaged.
You feel somewhat more hungry.
You hear a chilling moan. x2
You hear a screech!
The golden flame engulfs you! You resist.
The golden flame engulfs the large abomination.
The large abomination appears unharmed.
The large abomination is lightly damaged.
You are feeling very hungry.
The large abomination barely misses you.
You hit the large abomination.
The large abomination is lightly damaged.
The large abomination misses you.
You hit the large abomination but do no damage.
The large abomination is lightly damaged.
You puncture the large abomination!
The large abomination is moderately damaged.
The large abomination hits you!!
You die...

. . # ## .#
... ...##
.##.###.
...## . #..[
###.. # .##.
. .. #.#.# ..
# . ... #. #
. # >#..#. #
# .. ..
###..####
..##
#....vX@# ..
v...##.######
.# . .#..X..#
. .........
.# .#.# .#..
. ### ##.....
#.. # ...#.#.
. ..## . #
.### #. . ..
#.. ..#


You could see a large abomination and an insubstantial wisp.

Vanquished Creatures
  A thrashing horror (Abyss:1)
  A hill giant (D:8)
  Pikel (D:8)
  An ugly thing (Abyss:1)
  A large abomination (Abyss:1)
  A hellwing (Abyss:1)
  A merfolk (D:9)
  A two-headed ogre (D:9)
  A wyvern (D:9)
  A ynoxinul (Abyss:1)
  A steam dragon (D:8)
  Eustachio (D:5)
  Grum (Lair:1)
  2 hippogriffs
  A hungry ghost (D:9)
  A water moccasin (Lair:1)
  2 wolves (Lair:1)
  3 orc warriors
  A black bear (D:8)
  2 porcupines (Lair:1)
  A phantom (D:4)
  2 slaves (D:8)
  6 ogres
  3 ice beasts
  A centaur (D:9)
  A gnoll sergeant (D:6)
  10 giant frogs
  A water moccasin skeleton (D:5)
  2 scorpions
  5 killer bees
  7 crimson imps
  7 hounds
  3 jellies
  3 orc priests
  3 worker ants
  4 centaur skeletons
  2 iguanas
  10 orc wizards
  5 gnoll shamans (D:4)
  3 hound zombies
  3 hound skeletons
  A worker ant zombie (D:6)
  42 gnolls
  11 adders
  3 river rats (D:6)
  2 oozes (D:1)
  An adder skeleton (D:4)
  A worm (D:4)
  8 giant geckos
  52 orcs
  A bat (D:3)
  3 giant cockroaches
  6 hobgoblins
  34 jackals
  5 kobolds
  3 quokkas
  4 ball pythons
  7 giant newts
  6 goblins
  2 quokka skeletons
  7 rats
  A spectral orc (D:9)
307 creatures vanquished.

Vanquished Creatures (others)
  2 slaves (D:8)
  An orc (D:8)
3 creatures vanquished.

Grand Total: 310 creatures vanquished

Notes
Turn   | Place    | Note
--------------------------------------------------------------
     0 | D:1      | ketsa the Human Wanderer began the quest for the Orb.
     0 | D:1      | ketsa set off with: a +2 short sword, a scroll of teleportation, a wand of random effects (15), a +0 robe, a bread ration
     0 | D:1      | Reached XP level 1. HP: 18/18 MP: 1/1
     0 | D:1      | Noticed a vine stalker
     1 | D:1      | Noticed a dwarf
     7 | D:1      | Noticed a vampire
    10 | D:1      | Noticed a vampire
    12 | D:1      | Noticed an octopode
    12 | D:1      | Noticed a naga
    13 | D:1      | Noticed a dwarf
    14 | D:1      | Noticed a dwarf
    14 | D:1      | Noticed a spriggan
    16 | D:1      | Noticed a draconian
    16 | D:1      | Noticed an octopode
    18 | D:1      | Noticed an elf
    61 | D:1      | Reached XP level 2. HP: 12/24 MP: 2/2
    87 | D:1      | Reached XP level 3. HP: 3/29 MP: 3/3
   284 | D:1      | Found a snail-covered altar of Cheibriados.
   743 | D:2      | Found a glowing golden altar of the Shining One.
   754 | D:2      | Became a worshipper of the Shining One
   793 | D:2      | Found a white marble altar of Elyvilon.
   851 | D:2      | Reached XP level 4. HP: 36/36 MP: 4/4
  1008 | D:2      | Found a burning altar of Makhleb.
  1236 | D:2      | Found a deep blue altar of Sif Muna.
  1236 | D:2      | Found a burning altar of Makhleb.
  1779 | D:3      | Found a glowing silver altar of Zin.
  1779 | D:3      | Noticed an angel
  2302 | D:4      | Noticed a giant frog
  2313 | D:3      | Killed a giant frog
  2313 | D:3      | Reached skill level 1 in Long Blades
  2313 | D:3      | Reached skill level 1 in Armour
  2313 | D:3      | Reached XP level 5. HP: 20/42 MP: 5/5
  2538 | D:4      | Noticed an orc warrior
  2716 | D:4      | Reached * piety under the Shining One
  2721 | D:4      | Reached XP level 6. HP: 43/48 MP: 6/6
  2906 | D:4      | Reached skill level 4 in Fighting
  3155 | D:4      | Reached XP level 7. HP: 50/54 MP: 7/7
  3338 | D:4      | Found Ruahay's Armour Shop.
  3806 | D:5      | Entered Level 5 of the Dungeon
  3907 | D:5      | HP: 1/55 [acid (8)]
  3916 | D:5      | Reached skill level 1 in Invocations
  4044 | D:5      | Reached ** piety under the Shining One
  4253 | D:5      | Reached XP level 8. HP: 61/61 MP: 7/9
  4411 | D:5      | Reached skill level 5 in Short Blades
  4879 | D:6      | Found a staircase to the Ecumenical Temple.
  4886 | Temple   | Entered the Ecumenical Temple
  5230 | D:6      | Found a shattered altar of Ashenzari.
  5321 | D:6      | Reached skill level 5 in Fighting
  5840 | D:7      | Found Qepsu's Jewellery Boutique.
  5854 | D:7      | Reached skill level 6 in Short Blades
  6009 | D:4      | Reached *** piety under the Shining One
  6011 | D:4      | Reached XP level 9. HP: 68/68 MP: 11/11
  6031 | D:4      | Bought the +4 cloak of Onis Zie {MR+} for 371 gold pieces
  6281 | D:5      | Noticed Eustachio
  6420 | D:6      | Reached skill level 5 in Dodging
  6607 | D:6      | Reached skill level 7 in Short Blades
  6963 | D:7      | Found a stormy altar of Qazlal.
  7267 | D:5      | Noticed a hippogriff
  7281 | D:5      | Killed a hippogriff
  7406 | D:5      | Got a warped short sword
  7407 | D:5      | Identified the +7 short sword of Ushruaz {pierce, rF+ Int+4} (You found it on level 5 of the Dungeon)
  7537 | D:5      | Killed Eustachio
  7537 | D:5      | Reached skill level 5 in Long Blades
  7608 | D:4      | Noticed an ogre
  7612 | D:4      | Killed an ogre
  7612 | D:4      | Reached XP level 10. HP: 74/74 MP: 13/13
  7645 | D:4      | Noticed a phantom
  7659 | D:4      | Reached skill level 8 in Short Blades
  7918 | D:4      | Killed a phantom
  8292 | D:7      | Reached skill level 5 in Invocations
  8377 | D:8      | Noticed Pikel
  8405 | D:8      | Killed Pikel
  8405 | D:8      | Reached skill level 9 in Short Blades
  8493 | D:8      | Noticed a hill giant
  8766 | D:8      | Found Xiblaulu's General Store.
  8932 | D:8      | Found a huge runed gate.
  8933 | D:8      | Noticed a death yak
  8933 | D:8      | Reached **** piety under the Shining One
  8933 | D:8      | Found a huge runed gate.
  8933 | D:8      | Found a huge runed gate.
  8933 | D:8      | Found a huge runed gate.
  8974 | D:8      | Killed a hill giant
  9345 | D:9      | Found a staircase to the Lair.
  9453 | D:9      | Found a basalt altar of Yredelemnul.
  9500 | D:9      | Found Haluoh's Food Shoppe.
  9509 | D:9      | Reached skill level 10 in Short Blades
  9509 | D:9      | Reached XP level 11. HP: 74/80 MP: 15/15
 10127 | D:9      | Found a deep blue altar of Sif Muna.
 10266 | Lair:1   | Entered Level 1 of the Lair of Beasts
 10278 | Lair:1   | Noticed Grum
 10296 | Lair:1   | Killed Grum
 10347 | Lair:1   | Identified the Compendium of Supportive Bewitchment
 10558 | Lair:1   | Noticed Joseph
 10576 | Lair:1   | Cast into the Abyss (Joseph)
 10760 | Abyss:1  | Noticed a thrashing horror
 10776 | Abyss:1  | Killed a thrashing horror
 10776 | Abyss:1  | Reached skill level 11 in Short Blades
 10797 | Abyss:1  | Noticed a white ugly thing
 10806 | Abyss:1  | Killed a white ugly thing
 10835 | Abyss:1  | Found a corrupted altar of Lugonu.
 10842 | Abyss:1  | Noticed a large abomination
 10869 | Abyss:1  | Mangled by a large abomination

Action                   |  1- 3 |  4- 6 |  7- 9 | 10-12 || total
-------------------------+-------+-------+-------+-------++-------
Melee: Short sword       |    71 |   256 |   657 |   474 ||  1458
       Long sword        |       |       |     5 |       ||     5
       Dagger            |       |       |     4 |       ||     4
Throw: Tomahawk          |       |       |     3 |     5 ||     8
Invok: Divine Shield     |       |       |     3 |     3 ||     6
       Cleansing Flame   |       |       |       |     2 ||     2
  Use: Scroll            |       |     5 |     9 |     4 ||    18
       Potion            |       |       |     1 |     2 ||     3
 Stab: Distracted        |     1 |     1 |       |       ||     2
       Sleeping          |     1 |       |       |       ||     1
  Eat: Chunk             |       |     8 |    10 |    14 ||    32
       Bread ration      |       |       |     2 |       ||     2
